 Dungeon Sprint DCSS version 0.26-a0-708-g17f3b190f9 (webtiles) character file.

Game seed: 10531173513173550586

125848147 mhtbhm the Gargoyle Barricade (level 24, 159/181 HPs)
             Began as a Gargoyle Fighter on Oct 29, 2020.
             Was the Champion of Okawaru.
             Escaped with the Orb
             ... and 17 runes!
             The game lasted 00:32:46 (14491 turns).

mhtbhm the Gargoyle Barricade (Gargoyle Fighter)   Turns: 14491, Time: 00:32:47

Health: 159/181    AC: 73    Str: 35    XL:     24   Next: 41%
Magic:  52/52      EV: 18    Int: 14    God:    Okawaru [******]
Gold:   611        SH: 28    Dex: 10    Spells: 74/74 levels left

rFire    + + +     SeeInvis .   E - +8 eveningstar (holy)
rCold    + + +     Faith    +   c - +0 tower shield {rF+}
rNeg     + . .     Spirit   .   b - +12 gold dragon scales
rPois    ∞         Reflect  .   y - +0 hat of the Thunderstorm {rF+ rC+ Int+3}
rElec    +         Harm     .   p - +2 cloak
rCorr    .         Rampage  +   r - +1 pair of gloves
MR       ++...     NoTele   +   F - +4 pair of boots "Namnyarch" {Rampage rC+ Str-3 Dex+3}
Stlth    +.........             N - amulet "Ticeazyd" {Faith rPois rF+ Str+8 Int+2 Dex-4}
HPRegen  0.40/turn              R - ring "Elyt" {+Blink AC+3 Dex+2 Stlth-}
MPRegen  0.33/turn              P - ring of the Smoking Fool {rPois MR+ Stlth+}

@: no status effects
A: big wings, dopey 1, negative energy resistance 1, electricity resistance,
unbreathing, petrification resistance, rot immunity, AC +18
0: Orb of Zot
}: 17/17 runes: decaying, serpentine, barnacled, slimy, elven, silver, golden,
iron, obsidian, icy, bone, abyssal, glowing, magical, fiery, dark, gossamer
a: Fly, Heroism, Finesse, Renounce Religion, Evoke Blink


You escaped.
You worshipped Okawaru.
Okawaru was exalted by your worship.
You visited 1 branch You collected 1956 gold pieces.
You spent 1345 gold pieces at shops.

Inventory:

Hand Weapons
 a - the +4 demon whip of the Messenger {freeze, rPois Str+4}
   (Okawaru gifted it to you in the Dungeon)

   It has been specially enchanted to freeze those struck by it, causing extra
   injury to most foes and up to half again as much damage against particularly
   susceptible opponents.
   It can also slow down cold-blooded creatures.
   It affects your strength (+4).
   It protects you from poison.
 E - a +8 eveningstar of holy wrath (weapon)
 O - the +4 staff of Dispater
   (You took it off Dispater in the Dungeon)
 Q - the +7 sceptre of Asmodeus
   (You took it off Asmodeus in the Dungeon)
Missiles
 q - 11 curare-tipped darts
 u - 6 datura-tipped darts
 v - 63 silver javelins (quivered)
 x - 14 atropa-tipped darts
 C - 47 javelins
Armour
 b - +12 gold dragon scales (worn)
 c - a +0 tower shield of fire resistance (worn)
 o - a +0 helmet of see invisible
 p - a +2 cloak (worn)
 r - a +1 pair of gloves (worn)
 y - the +0 hat of the Thunderstorm (worn) {rF+ rC+ Int+3}
   (Okawaru gifted it to you in the Dungeon)

   It affects your intelligence (+3).
   It protects you from fire.
   It protects you from cold.
 z - a +2 pair of boots of rampaging
 F - the +4 pair of boots "Namnyarch" (worn) {Rampage rC+ Str-3 Dex+3}
   (Okawaru gifted it to you in the Dungeon)

   It affects your strength (-3).
   It affects your dexterity (+3).
   It protects you from cold.
   It bestows one free step when moving towards enemies.
 H - the +2 cloak of the Thief {*Fog Slay-2 SInv Stlth+}
   (You found it in the Dungeon)

   It affects your accuracy and damage with ranged weapons and melee attacks
   (-2).
   It lets you see invisible.
   It makes you more stealthy.
Jewellery
 G - a +4 ring of evasion
 N - the amulet "Ticeazyd" (around neck) {Faith rPois rF+ Str+8 Int+2 Dex-4}
   (You found it in the Dungeon)

   [amulet of faith]

   It allows you to gain divine favour quickly.
   It affects your strength (+8).
   It affects your intelligence (+2).
   It affects your dexterity (-4).
   It protects you from fire.
   It protects you from poison.
 P - the ring of the Smoking Fool (right hand) {rPois MR+ Stlth+}
   (You found it in the Dungeon)

   [ring of protection from magic]

   It protects you from poison.
   It affects your resistance to hostile enchantments.
   It makes you more stealthy.
 R - the ring "Elyt" (left hand) {+Blink AC+3 Dex+2 Stlth-}
   (You found it in the Dungeon)

   [ring of protection]

   It affects your AC (+3).
   It affects your dexterity (+2).
   It lets you blink.
   It makes you less stealthy.
Wands
 n - a wand of iceblast (10)
 B - a wand of disintegration (8)
 L - a wand of paralysis (9)
Scrolls
 j - 6 scrolls of blinking
 l - 8 scrolls of remove curse
 m - 2 scrolls of amnesia
 s - 2 scrolls of identify
 t - 2 scrolls of fog
 A - a scroll of holy word
 K - 2 scrolls of fear
Potions
 d - a potion of might
 e - 3 potions of curing
 f - 6 potions of heal wounds
 g - 4 potions of haste
 h - 9 potions of magic
 i - 2 potions of berserk rage
 k - a potion of invisibility
 w - a potion of ambrosia
 I - 2 potions of brilliance
 J - a potion of stabbing
Miscellaneous
 D - a box of beasts (3/3)
 M - a box of beasts (3/3)


   Skills:
 O Level 27 Fighting
 O Level 27 Maces & Flails
 + Level 18.0(24.3) Staves
 O Level 27 Throwing
 O Level 27 Armour
 + Level 25.1 Dodging
 + Level 26.3 Stealth
 O Level 27 Shields
 O Level 27 Unarmed Combat
 + Level 25.8 Spellcasting
 O Level 27 Invocations
 O Level 27 Evocations


You had 74 spell levels left.
You didn't know any spells.
Your spell library contained the following spells:

 Spells                   Type           Power        Failure   Level
 Beastly Appendage        Tmut           ###...       9%          1
 Wereblood                Tmut           ###.....     13%         2
 Spider Form              Tmut/Pois      ###.......   26%         3
 Ice Form                 Ice/Tmut       ###.....     65%         4
 Blade Hands              Tmut           ###.......   94%         5


Dungeon Overview and Level Annotations

Branches:
Dungeon (1/1)

Altars:
Cheibriados
Dithmenos
Elyvilon
Fedhas
Gozag
Hepliaklqana
Kikubaaqudgha
Makhleb
Nemelex Xobeh
Okawaru
Qazlal
Ru
Sif Muna
Trog
Uskayaw
Vehumet
Wu Jian
Xom
Yredelemnul
Zin
The Shining One
Beogh
Jiyva
Lugonu

Shops:
D ?**}


Innate Abilities, Weirdness & Mutations

You are resistant to torment.
Your stone body is resilient. (AC +18)
You are immune to poison.
Your large and strong wings let you fly indefinitely.
You resist negative energy. (rN+)
You are resistant to electric shocks. (rElec)
You can survive without breathing.
You are immune to petrification.
You are immune to rotting.
You are dopey. (Int -2)


Message History

There is a roughly hewn altar of Beogh here.
There is an open door to the Temple here.
A rust devil comes into view.
Things that are here:
a +0 shortbow; 17 arrows You rampage towards the rust devil!
The rust devil screeches!
You rampage towards the rust devil!
You barely miss the rust devil. You block the rust devil's attack.
You barely miss the rust devil. You block the rust devil's attack.
You skewer the rust devil like a kebab!!!
You kill the rust devil!
Okawaru accepts your kill.
Things that are here:
a +0 dagger; 3 stones
Items here: )))).
There is an open door to the Dungeon, spattered with blood here.
There is a staircase leading out of the dungeon here.
You can't go down here!
You have escaped!

▓▓▓▓▓▓▓▓▓▓▓▓▓▓▓▓▓▓
...▓...▓...▓...▓@▓
.▓.▓.▓.▓.▓.▓.▓.▓.▓
.▓.▓.▓.▓.▓)▓.▓.▓.▓
.▓.▓.▓.▓.▓.▓.▓.▓.▓
.▓.▓.▓.▓.▓.▓.▓.▓'▓
.▓)▓.▓.▓.▓.▓.▓.▓)▓
.▓.▓.▓.▓.▓.▓.▓.▓)▓
.▓.▓.▓.▓.▓.▓'▓.▓.▓
.▓.▓.▓.▓.▓.▓.▓.▓.▓


There were no monsters in sight!

Vanquished Creatures
  Cerebov (D)
  Antaeus (D)
  Asmodeus (D)
  the Royal Jelly (D)
  Gloorx Vloq (D)
  Ereshkigal (D)
  Lom Lobon (D)
  Mnoleg (D)
  Dispater (D)
  4 orbs of fire (D)
  Mennas (D)
  4 ancient liches (D)
  3 pandemonium lords (D)
  Mara (D)
  Sojobo (D)
  Boris (D)
  4 greater mummies (D)
  Margery (D)
  Saint Roka (D)
  Xtahua (D)
  7 golden dragons (D)
  Geryon (D)
  Nikola (D)
  A profane servitor (D)
  Jory (D)
  A bone dragon (D)
  4 Tzitzimimeh (D)
  3 electric golems (D)
  2 liches (D)
  2 tentacled monstrosities (D)
  A Hell Sentinel (D)
  3 deep elf blademasters (D)
  36 Orb Guardians (D)
  An Ice Fiend (D)
  10 acid blobs (D)
  12 sphinxes (D)
  2 death cobs (D)
  A titan (D)
  2 Executioners (D)
  3 deep elf master archers (D)
  2 quicksilver dragons (D)
  7 shadow dragons (D)
  2 tengu reavers (D)
  Agnes (D)
  Kirke (D)
  2 storm dragons (D)
  3 draconian monks (D)
  4 nagarajas (D)
  A blood saint (D)
  5 azure jellies (D)
  A cacodemon (D)
  2 frost giants (D)
  2 vault wardens (D)
  A draconian knight (D)
  4 balrugs (D)
  Ilsuiw (D)
  2 ghost moths (D)
  2 deep elf sorcerers (D)
  A draconian scorcher (D)
  5 emperor scorpions (D)
  3 draconian stormcallers (D)
  5 very ugly things (D)
  2 ironheart preservers (D)
  2 draconian shifters (D)
  A reaper (D)
  2 black suns (D)
  A stone giant (D)
  A green draconian (D)
  4 black draconians (D)
  2 deep elf demonologists (D)
  8 vampire knights (D)
  2 lorocyprocas (D)
  2 red draconians (D)
  4 white draconians (D)
  2 deep elf annihilators (D)
  A spark wasp (D)
  3 merfolk javelineers (D)
  A yellow draconian (D)
  5 purple draconians (D)
  A green death (D)
  7 death oozes (D)
  2 blizzard demons (D)
  2 deep elf death magi (D)
  4 mummy priests (D)
  4 ettins (D)
  7 merfolk impalers (D)
  6 fire dragons (D)
  A yaktaur captain (D)
  2 rakshasas (D)
  25 vault guards (D)
  4 ogre magi (D)
  A hell beast (D)
  3 ice dragons (D)
  2 monstrous demonspawn (D)
  5 boulder beetles (D)
  A spriggan air mage (D)
  4 great orbs of eyes (D)
  3 naga warriors (D)
  5 hydras (D)
  A two-headed ogre (D)
  Erica (D)
  2 merfolk avatars (D)
  A death knight (D)
  A tengu warrior (D)
  A merfolk aquamancer (D)
  4 orc high priests (D)
  2 deep troll shamans (D)
  Urug (D)
  2 deep troll earth magi (D)
  A shock serpent (shapeshifter) (D)
  2 soul eaters (D)
  A deep elf knight (D)
  6 sun demons (D)
  4 hell knights (D)
  2 wretched stars (D)
  3 sixfirhies (D)
  3 unseen horrors (D)
  A glowing orange brain (D)
  An infernal demonspawn (D)
  3 torturous demonspawn (D)
  3 ironbrand convokers (D)
  11 swamp dragons (D)
  A deep elf archer (D)
  A sea snake (D)
  A harpy (D)
  5 orc knights (D)
  A phantasmal warrior (D)
  4 necromancers (D)
  A cyclops (D)
  3 wolf spiders (D)
  A mana viper (D)
  An orb spider (D)
  5 orc sorcerers (D)
  2 ugly things (D)
  An elephant (D)
  13 moths of wrath (D)
  2 water nymphs (D)
  3 guardian serpents (D)
  A toenail golem (D)
  A merfolk siren (D)
  A rust devil (D)
  3 black mambas (D)
  3 vault sentinels (D)
  5 naga magi (D)
  Psyche (D)
  A cane toad (D)
  2 orange demons (D)
  A gargoyle (D)
  A freezing wraith (D)
  A kobold demonologist (D)
  A hellion (D)
  3 yaktaurs (D)
  4 demonic crawlers (D)
  2 komodo dragons (D)
  20 guardian mummies (D)
  An ice devil (D)
  2 merfolk (D)
  A hellwing (D)
  A wandering mushroom (D)
  9 red devils (D)
  2 jumping spiders (D)
  4 slime creatures (D)
  2 hornets (D)
  A snapping turtle (D)
  A redback (D)
  12 spriggans (D)
  2 tarantellas (D)
  A wyvern (D)
  3 ynoxinuls (D)
  5 hogs (D)
  A yak (D)
  2 vampire mosquitoes (D)
  Grum (D)
  5 golden eyes (D)
  A basilisk (D)
  A chaos spawn (D)
  2 wargs (D)
  An insubstantial wisp (D)
  2 acid dragons (D)
  6 large abominations (D)
  3 nagas (D)
  3 hell hounds (D)
  3 water moccasins (D)
  2 floating eyes (D)
  13 orc warriors (D)
  A sky beast (D)
  A black bear (D)
  2 swamp drakes (D)
  7 wolves (D)
  A centaur (D)
  2 ogres (D)
  A small abomination (D)
  5 bullfrogs (D)
  A wight (D)
  A quasit (D)
  5 orc wizards (D)
  An iron imp (D)
  A worker ant (D)
  An adder (D)
  2 white imps (D)
  An ufetubus (D)
  An adder zombie (D)
  A worm (D)
  14 orcs (D)
  3 bat zombies (D)
  2 goblins (D)
  2 hobgoblins (D)
  A quokka (D)
  A kobold (D)
  4 fire vortices (D)
622 creatures vanquished.

Vanquished Creatures (others)
  Frederick (D)
  A human (D)
  An orc wizard (D)
  6 ball lightnings (D)
9 creatures vanquished.

Grand Total: 631 creatures vanquished

Notes
Turn   | Place    | Note
-------+----------+-------------------------------------------
     0 | D        | mhtbhm the Gargoyle Fighter began the quest for the Orb.
     0 | D        | Reached XP level 1. HP: 14/14 MP: 1/1
    64 | D        | Noticed a centaur
    64 | D        | Noticed an ogre
    74 | D        | Reached XP level 2. HP: 17/20 MP: 2/2
    79 | D        | Killed a centaur
    79 | D        | Reached skill level 5 in Fighting
    79 | D        | Reached skill level 5 in Armour
    79 | D        | Reached XP level 3. HP: 15/27 MP: 3/3
    79 | D        | Reached XP level 4. HP: 18/32 MP: 4/4
   226 | D        | Killed an ogre
   226 | D        | Reached skill level 5 in Maces & Flails
   226 | D        | Reached skill level 1 in Dodging
   226 | D        | Reached XP level 5. HP: 32/37 MP: 5/5
   238 | D        | Found a roughly hewn altar of Beogh.
   238 | D        | Found a snail-covered altar of Cheibriados.
   238 | D        | Found a shadowy altar of Dithmenos.
   238 | D        | Found a white marble altar of Elyvilon.
   238 | D        | Found a blossoming altar of Fedhas.
   238 | D        | Found an opulent altar of Gozag.
   239 | D        | Found a hazy altar of Hepliaklqana.
   240 | D        | Found a viscous altar of Jiyva.
   241 | D        | Found an ancient bone altar of Kikubaaqudgha.
   242 | D        | Found a corrupted altar of Lugonu.
   243 | D        | Found a burning altar of Makhleb.
   244 | D        | Found a sparkling altar of Nemelex Xobeh.
   245 | D        | Found an iron altar of Okawaru.
   246 | D        | Found a stormy altar of Qazlal.
   247 | D        | Found a sacrificial altar of Ru.
   248 | D        | Found a shimmering blue altar of Sif Muna.
   249 | D        | Found a bloodstained altar of Trog.
   250 | D        | Found a hide-covered altar of Uskayaw.
   251 | D        | Found a radiant altar of Vehumet.
   252 | D        | Found an ornate altar of the Wu Jian Council.
   253 | D        | Became a worshipper of Warmaster Okawaru
   254 | D        | Found a shimmering altar of Xom.
   255 | D        | Found a basalt altar of Yredelemnul.
   256 | D        | Found a glowing silver altar of Zin.
   257 | D        | Found a glowing golden altar of the Shining One.
   310 | D        | Noticed a two-headed ogre
   310 | D        | Noticed a wyvern
   310 | D        | Noticed an orc warrior
   310 | D        | Noticed a gargoyle
   317 | D        | Killed a two-headed ogre
   317 | D        | Reached * piety under Okawaru
   317 | D        | Reached ** piety under Okawaru
   317 | D        | Reached skill level 10 in Shields
   317 | D        | Reached XP level 6. HP: 47/47 MP: 6/6
   317 | D        | Reached XP level 7. HP: 51/51 MP: 7/7
   324 | D        | Killed a wyvern
   324 | D        | Reached *** piety under Okawaru
   324 | D        | Reached skill level 10 in Maces & Flails
   324 | D        | Reached XP level 8. HP: 57/57 MP: 8/8
   335 | D        | Killed a gargoyle
   335 | D        | Reached skill level 10 in Fighting
   443 | D        | Noticed a hornet
   455 | D        | Killed an unseen horror
   455 | D        | Reached **** piety under Okawaru
   455 | D        | Reached XP level 9. HP: 44/63 MP: 9/9
   467 | D        | Killed a hornet
   467 | D        | Reached ***** piety under Okawaru
   701 | D        | Noticed a komodo dragon
   704 | D        | Noticed a six-headed hydra
   707 | D        | Noticed a cane toad
   717 | D        | Killed a komodo dragon
   717 | D        | Reached skill level 10 in Armour
   717 | D        | Reached skill level 1 in Stealth
   724 | D        | Killed a six-headed hydra
   724 | D        | Received a gift from Okawaru
   724 | D        | Received a gift from Okawaru
   729 | D        | Reached XP level 10. HP: 38/71 MP: 10/10
   738 | D        | Killed a cane toad
   745 | D        | Got a polished demon whip {god gift}
   746 | D        | Identified the +4 demon whip of the Messenger {freeze,
                  | rPois Str+4} (Okawaru gifted it to you in the Dungeon)
   895 | D        | Noticed an eight-headed hydra
   895 | D        | Noticed an elephant
   901 | D        | Killed an eight-headed hydra
   916 | D        | Killed an elephant
   924 | D        | Reached ****** piety under Okawaru
   934 | D        | Received a gift from Okawaru
   941 | D        | Reached skill level 15 in Maces & Flails
  1083 | D        | Noticed Psyche
  1084 | D        | Noticed Urug
  1091 | D        | Killed Psyche
  1091 | D        | Reached XP level 11. HP: 78/78 MP: 11/11
  1097 | D        | Killed Urug
  1185 | D        | Noticed Grum
  1197 | D        | Killed Grum
  1215 | D        | Noticed Erica
  1221 | D        | Killed Erica
  1270 | D        | Noticed an ettin
  1275 | D        | Killed an ettin
  1412 | D        | Noticed an orc sorcerer
  1412 | D        | Noticed an orc knight
  1417 | D        | Killed an orc sorcerer
  1430 | D        | Killed an orc knight
  1442 | D        | Noticed an orc sorcerer
  1462 | D        | Killed an orc sorcerer
  1587 | D        | Found Ulof Kar's Magic Scroll Emporium.
  1587 | D        | Noticed an orc high priest
  1587 | D        | Noticed an orc sorcerer
  1587 | D        | Noticed an orc knight
  1587 | D        | Noticed an orc high priest
  1595 | D        | Killed an orc high priest
  1595 | D        | Reached skill level 15 in Fighting
  1596 | D        | Noticed an orc sorcerer
  1597 | D        | Paralysed by an orc sorcerer for 7 turns
  1607 | D        | Killed an orc sorcerer
  1607 | D        | Reached skill level 5 in Dodging
  1608 | D        | Found Bamifor's Assorted Antiques.
  1608 | D        | Noticed an orc sorcerer
  1611 | D        | Noticed a sun demon
  1614 | D        | Killed an orc high priest
  1614 | D        | Received a gift from Okawaru
  1614 | D        | Reached skill level 15 in Shields
  1614 | D        | Reached XP level 12. HP: 32/88 MP: 12/12
  1615 | D        | Reached skill level 1 in Throwing
  1615 | D        | Noticed an orc high priest
  1632 | D        | Killed an orc high priest
  1634 | D        | Found Qaghol's Assorted Antiques.
  1873 | D        | Found Solacsao's Gadget Shoppe.
  1878 | D        | Noticed an orc high priest
  1889 | D        | Killed an orc high priest
  1950 | D        | Bought a scroll of blinking for 187 gold pieces
  1954 | D        | Bought a scroll of enchant weapon for 82 gold pieces
  1954 | D        | Bought a scroll of enchant weapon for 82 gold pieces
  1954 | D        | Bought a scroll of enchant weapon for 82 gold pieces
  1954 | D        | Bought a scroll of identify for 22 gold pieces
  1954 | D        | Bought a scroll of identify for 22 gold pieces
  1954 | D        | Bought a scroll of identify for 22 gold pieces
  1956 | D        | Bought a potion of heal wounds for 115 gold pieces
  1956 | D        | Bought a scroll of enchant armour for 172 gold pieces
  1956 | D        | Bought a pair of glowing boots for 172 gold pieces
  1956 | D        | Bought a scroll of enchant armour for 172 gold pieces
  1956 | D        | Bought a potion of might for 92 gold pieces
  1956 | D        | Bought a scroll labeled ZUSIMPILAPT for 23 gold pieces
  1958 | D        | Bought a bone wand for 100 gold pieces
  2257 | D        | Noticed an ettin
  2258 | D        | Noticed a cyan very ugly thing
  2258 | D        | Noticed a tengu warrior
  2259 | D        | Noticed an ogre mage
  2265 | D        | Killed an ettin
  2265 | D        | Received a gift from Okawaru
  2271 | D        | Killed a cyan very ugly thing
  2279 | D        | Noticed a rakshasa
  2280 | D        | Killed a tengu warrior
  2280 | D        | Received a gift from Okawaru
  2281 | D        | Killed an ogre mage
  2296 | D        | Killed a rakshasa
  2561 | D        | Noticed a merfolk impaler
  2568 | D        | Reached XP level 13. HP: 73/96 MP: 13/13
  2570 | D        | Reached skill level 5 in Throwing
  2576 | D        | Killed a merfolk impaler
  2758 | D        | Received a gift from Okawaru
  2906 | D        | Noticed a spark wasp
  2908 | D        | Killed a spark wasp
  3109 | D        | Noticed Kirke
  3121 | D        | Noticed Agnes
  3127 | D        | Killed Kirke
  3127 | D        | Received a gift from Okawaru
  3137 | D        | Killed Agnes
  3206 | D        | Noticed a fire dragon
  3206 | D        | Noticed a stone giant
  3206 | D        | Noticed an ettin
  3206 | D        | Noticed an ettin
  3208 | D        | Killed a fire dragon
  3217 | D        | Killed a stone giant
  3218 | D        | Noticed a rakshasa
  3229 | D        | Killed an ettin
  3229 | D        | Gained mutation: Your large and strong wings let you fly
                  | indefinitely. [Gargoyle growth]
  3229 | D        | Reached XP level 14. HP: 96/104 MP: 14/14
  3230 | D        | Noticed a green very ugly thing
  3245 | D        | Killed a green very ugly thing
  3245 | D        | Received a gift from Okawaru
  3268 | D        | Noticed a tentacled monstrosity
  3276 | D        | Noticed a red very ugly thing
  3284 | D        | Killed a tentacled monstrosity
  3284 | D        | Received a gift from Okawaru
  3287 | D        | Received a gift from Okawaru
  3287 | D        | Reached skill level 15 in Armour
  3292 | D        | Killed a red very ugly thing
  3621 | D        | Noticed a vault warden
  3621 | D        | Noticed an ironheart preserver
  3635 | D        | Killed a vault warden
  3635 | D        | Received a gift from Okawaru
  3639 | D        | Reached skill level 10 in Throwing
  3643 | D        | Killed an ironheart preserver
  3677 | D        | Received a gift from Okawaru
  3703 | D        | Received a gift from Okawaru
  3917 | D        | Reached XP level 15. HP: 64/113 MP: 15/15
  4210 | D        | Found the +2 cloak of the Thief {*Fog Slay-2 SInv Stlth+}
  4365 | D        | Noticed Frederick
  4366 | D        | Noticed Nikola
  4387 | D        | Killed Frederick
  4388 | D        | Killed Nikola
  4388 | D        | Received a gift from Okawaru
  4641 | D        | Noticed an emperor scorpion
  4641 | D        | Noticed an emperor scorpion
  4669 | D        | Killed an emperor scorpion
  4670 | D        | Noticed an emperor scorpion
  4685 | D        | Killed an emperor scorpion
  4697 | D        | Noticed an emperor scorpion
  4700 | D        | Noticed a ghost moth
  4717 | D        | Noticed an emperor scorpion
  4728 | D        | Killed an emperor scorpion
  4740 | D        | Killed a ghost moth
  4740 | D        | Received a gift from Okawaru
  4747 | D        | Killed an emperor scorpion
  4780 | D        | Killed an emperor scorpion
  4789 | D        | Got a gossamer rune of Zot
  5133 | D        | Received a gift from Okawaru
  5166 | D        | Got a decaying rune of Zot
  5187 | D        | Noticed a nagaraja
  5187 | D        | Noticed a nagaraja
  5188 | D        | Noticed a nagaraja
  5192 | D        | Noticed a nagaraja
  5193 | D        | Killed a nagaraja
  5201 | D        | Killed a nagaraja
  5208 | D        | Killed a nagaraja
  5211 | D        | Killed a nagaraja
  5211 | D        | Received a gift from Okawaru
  5270 | D        | Got a serpentine rune of Zot
  5278 | D        | Noticed Ilsuiw
  5281 | D        | Reached XP level 16. HP: 104/123 MP: 16/16
  5297 | D        | Killed Ilsuiw
  5355 | D        | Got a barnacled rune of Zot
  5586 | D        | Noticed Xtahua
  5588 | D        | Noticed Mara
  5600 | D        | Noticed mhtbhm's illusion
  5603 | D        | Paralysed by Xtahua for 5 turns
  5613 | D        | Killed Xtahua
  5613 | D        | Received a gift from Okawaru
  5622 | D        | Killed Mara
  5622 | D        | Received a gift from Okawaru
  5676 | D        | Noticed Saint Roka
  5676 | D        | Noticed Jory
  5699 | D        | Killed Jory
  5699 | D        | Reached skill level 1 in Invocations
  5726 | D        | Killed Saint Roka
  6200 | D        | Received a gift from Okawaru
  6219 | D        | Reached skill level 27 in Shields
  6219 | D        | Reached XP level 17. HP: 130/132 MP: 17/19
  6459 | D        | Reached skill level 15 in Throwing
  6589 | D        | Noticed a tentacled monstrosity
  6596 | D        | Killed a tentacled monstrosity
  6596 | D        | Received a gift from Okawaru
  6602 | D        | Noticed a titan
  6621 | D        | Killed a titan
  6626 | D        | Got a silver rune of Zot
  6762 | D        | Noticed Boris
  6772 | D        | Killed Boris
  6881 | D        | Noticed Sojobo
  6947 | D        | Killed Sojobo
  6947 | D        | Reached skill level 27 in Fighting
  6947 | D        | Reached skill level 27 in Maces & Flails
  7073 | D        | Got the amulet "Ticeazyd" {Faith rPois rF+ Str+8 Int+2
                  | Dex-4}
  7075 | D        | Got the amulet "Siniuk" {Reflect rElec rPois Str-3 SH+5
                  | Stlth-}
  7077 | D        | Got the ring of the Smoking Fool {rPois MR+ Stlth+}
  7079 | D        | Got the ring of Kaimoti {Ice Str+2 Int+3 Dex-3}
  7081 | D        | Got the ring "Elyt" {+Blink AC+3 Dex+2 Stlth-}
  7202 | D        | Noticed Margery
  7222 | D        | Killed Margery
  7222 | D        | Received a gift from Okawaru
  7222 | D        | Reached skill level 1 in Evocations
  7222 | D        | Reached XP level 18. HP: 105/145 MP: 18/20
  7244 | D        | Identified the +5 great mace "Cookie Cutter" {vorpal, Int+2
                  | Dex+2} (Okawaru gifted it to you in the Dungeon)
  7349 | D        | Noticed Mennas
  7373 | D        | Killed Mennas
  7515 | D        | Received a gift from Okawaru
  7517 | D        | Noticed a quicksilver dragon
  7525 | D        | Killed a quicksilver dragon
  7699 | D        | Noticed a bone dragon
  7700 | D        | Received a gift from Okawaru
  7706 | D        | Killed a bone dragon
  7706 | D        | Received a gift from Okawaru
  7711 | D        | Received a gift from Okawaru
  7753 | D        | Noticed a golden dragon
  7753 | D        | Noticed an electric golem
  7755 | D        | Received a gift from Okawaru
  7757 | D        | Killed a golden dragon
  7757 | D        | Received a gift from Okawaru
  7778 | D        | Killed an electric golem
  7788 | D        | Reached skill level 5 in Invocations
  7987 | D        | Noticed a golden dragon
  8003 | D        | Killed a golden dragon
  8003 | D        | Reached XP level 19. HP: 139/151 MP: 23/23
  8030 | D        | Received a gift from Okawaru
  8034 | D        | Noticed a golden dragon
  8046 | D        | Killed a golden dragon
  8059 | D        | Received a gift from Okawaru
  8174 | D        | Reached skill level 27 in Throwing
  8179 | D        | Reached skill level 5 in Evocations
  8189 | D        | Received a gift from Okawaru
  8207 | D        | Reached skill level 27 in Armour
  8239 | D        | Got a bloodstained hat {god gift}
  8250 | D        | Identified the +0 hat of the Thunderstorm {rF+ rC+ Int+3}
                  | (Okawaru gifted it to you in the Dungeon)
  8359 | D        | Reached skill level 10 in Invocations
  8359 | D        | Reached skill level 10 in Evocations
  8419 | D        | Noticed a golden dragon
  8419 | D        | Noticed a golden dragon
  8419 | D        | Noticed a golden dragon
  8420 | D        | Killed a golden dragon
  8421 | D        | Killed a golden dragon
  8421 | D        | Received a gift from Okawaru
  8422 | D        | Received a gift from Okawaru
  8422 | D        | Reached skill level 15 in Evocations
  8430 | D        | Killed a golden dragon
  8511 | D        | Noticed an ancient lich
  8520 | D        | Killed an ancient lich
  8520 | D        | Reached skill level 15 in Invocations
  8523 | D        | Noticed an orb of fire
  8534 | D        | Killed an orb of fire
  8534 | D        | Received a gift from Okawaru
  8534 | D        | Reached XP level 20. HP: 136/157 MP: 30/32
  8593 | D        | Noticed an electric golem
  8599 | D        | Killed an electric golem
  8604 | D        | Noticed a golden dragon
  8604 | D        | Noticed an electric golem
  8610 | D        | Killed an electric golem
  8612 | D        | Killed a golden dragon
  8616 | D        | Noticed an orb of fire
  8617 | D        | Noticed an orb of fire
  8619 | D        | Gained mutation: You are dopey. (Int -2) [an orb of fire]
  8623 | D        | Noticed an ancient lich
  8624 | D        | Received a gift from Okawaru
  8627 | D        | Killed an orb of fire
  8628 | D        | Killed an orb of fire
  8628 | D        | Received a gift from Okawaru
  8630 | D        | Killed an ancient lich
  8630 | D        | Received a gift from Okawaru
  8636 | D        | Noticed an orb of fire
  8643 | D        | Killed an orb of fire
  8880 | D        | Received a gift from Okawaru
  8916 | D        | Received a gift from Okawaru
  8929 | D        | Reached skill level 27 in Evocations
  8930 | D        | Received a gift from Okawaru
  8932 | D        | Reached XP level 21. HP: 100/163 MP: 33/36
  9001 | D        | Got an ichor-stained helmet {god gift}
  9012 | D        | Identified the -1 helmet of Okawaru's Anger {Dex+6}
                  | (Okawaru gifted it to you in the Dungeon)
  9186 | D        | Noticed an ancient lich
  9194 | D        | Noticed an ancient lich
  9197 | D        | Paralysed by a vampire knight for 6 turns
  9207 | D        | Killed an ancient lich
  9207 | D        | Killed an ancient lich
  9207 | D        | Received a gift from Okawaru
  9207 | D        | Received a gift from Okawaru
  9207 | D        | Reached skill level 27 in Invocations
  9218 | D        | Paralysed by a vampire knight for 4 turns
  9376 | D        | Reached skill level 5 in Unarmed Combat
  9403 | D        | Reached skill level 5 in Spellcasting
  9490 | D        | Reached skill level 10 in Dodging
  9499 | D        | Reached skill level 10 in Unarmed Combat
  9502 | D        | Reached skill level 10 in Spellcasting
  9518 | D        | Got an elven rune of Zot
  9722 | D        | Noticed the Royal Jelly
  9747 | D        | Killed the Royal Jelly
  9747 | D        | Received a gift from Okawaru
  9747 | D        | Received a gift from Okawaru
  9747 | D        | Reached skill level 15 in Dodging
  9748 | D        | Reached skill level 15 in Unarmed Combat
  9860 | D        | Got a pair of bloodstained boots {god gift}
  9876 | D        | Identified the +4 pair of boots "Namnyarch" {Rampage rC+
                  | Str-3 Dex+3} (Okawaru gifted it to you in the Dungeon)
  9878 | D        | Got a slimy rune of Zot
  9991 | D        | Reached XP level 22. HP: 115/169 MP: 40/40
  9992 | D        | Reached skill level 15 in Spellcasting
 10007 | D        | Paralysed by a sphinx for 7 turns
 10730 | D        | Noticed a greater mummy
 10730 | D        | Noticed a greater mummy
 10730 | D        | Noticed a greater mummy
 10730 | D        | Noticed a greater mummy
 10736 | D        | Killed a greater mummy
 10737 | D        | Killed a greater mummy
 10737 | D        | Received a gift from Okawaru
 10739 | D        | Killed a greater mummy
 10740 | D        | Killed a greater mummy
 11055 | D        | Got a golden rune of Zot
 11070 | D        | Got an abyssal rune of Zot
 11198 | D        | Noticed Geryon
 11212 | D        | Killed Geryon
 11219 | D        | Noticed Mnoleg
 11219 | D        | Identified the +4 staff of Dispater
 11219 | D        | Noticed Dispater
 11236 | D        | Killed Dispater
 11239 | D        | Killed Mnoleg
 11239 | D        | Noticed Gloorx Vloq
 11249 | D        | Killed Gloorx Vloq
 11249 | D        | Received a gift from Okawaru
 11345 | D        | Noticed Ereshkigal
 11398 | D        | Killed Ereshkigal
 11398 | D        | Received a gift from Okawaru
 11437 | D        | Got a glowing rune of Zot
 11504 | D        | Got an iron rune of Zot
 11506 | D        | Identified the +6 sword of Cerebov {flame}
 11506 | D        | Noticed Cerebov
 11508 | D        | Noticed Antaeus
 11516 | D        | Identified the +7 sceptre of Asmodeus
 11516 | D        | Noticed Asmodeus
 11548 | D        | Killed Antaeus
 11548 | D        | Received a gift from Okawaru
 11548 | D        | Reached XP level 23. HP: 144/175 MP: 45/49
 11561 | D        | Killed Cerebov
 11572 | D        | Killed Asmodeus
 11572 | D        | Received a gift from Okawaru
 11572 | D        | Received a gift from Okawaru
 11575 | D        | Got a fiery rune of Zot
 11586 | D        | Got a bone rune of Zot
 11593 | D        | Got a distressingly furry plate armour {god gift}
 11599 | D        | Identified the +9 plate armour "Soeff" {rF+ Int+2} (Okawaru
                  | gifted it to you in the Dungeon)
 11628 | D        | Got a dark rune of Zot
 11781 | D        | Noticed Lom Lobon
 11799 | D        | Killed Lom Lobon
 11803 | D        | Got a magical rune of Zot
 11807 | D        | Got an obsidian rune of Zot
 11815 | D        | Got an icy rune of Zot
 12223 | D        | Got the Orb of Zot
 12753 | D        | Reached skill level 15 in Staves
 12765 | D        | Received a gift from Okawaru
 13036 | D        | Reached skill level 27 in Unarmed Combat
 13126 | D        | Noticed Plog the pandemonium lord
 13152 | D        | Killed Plog the pandemonium lord
 13355 | D        | Received a gift from Okawaru
 13411 | D        | Reached XP level 24. HP: 181/181 MP: 52/52
 13600 | D        | Noticed Zoket the pandemonium lord
 13604 | D        | Reached skill level 15 in Stealth
 13614 | D        | Killed Zoket the pandemonium lord
 13910 | D        | Received a gift from Okawaru
 14287 | D        | Received a gift from Okawaru
 14303 | D        | Noticed Mefuluv the pandemonium lord
 14387 | D        | Killed Mefuluv the pandemonium lord
 14491 | D        | Escaped with the Orb!

Illustrated notes

Levels and vault maps discovered:
D:        linesprint [early_d, line_temple, items_1, d_10, items_2, lair_1,
          lair_end, items_3, orc_1, orc_end, items_4, d_15, swamp_1, shoals_1,
          snake_1, spider_1, d_20, vaults_1, items_5, swamp_end, shoals_end,
          snake_end, spider_end, vaults_end, d_27, items_6, zot_1, zot_end,
          crypt_end, forest_end, elf_end, slime_end, tomb_end, abyss_end,
          pan_hell_end]

Skill      XL: |  1  2  3  4  5  6  7  8  9 10 11 12 13 14 15 16 17 18 19 20 21 22 23 24 |
---------------+-------------------------------------------------------------------------+-----
Fighting       | 4 5 6 9 10 11 13 15 17 18 20 22 23 27 | 27.0
Armour         | 4 5 6 8 9 10 11 12 13 14 15 17 18 20 24 27 | 27.0
Shields        | 4 6 7 10 11 13 15 16 18 20 24 27 | 27.0
Maces & Flails | 4 5 9 10 12 13 15 17 18 20 21 22 24 27 | 27.0
Dodging        | 1 2 3 4 5 6 8 15 22 25 | 25.1
Stealth        | 1 2 3 9 26 | 26.3
Throwing       | 4 9 11 12 14 18 25 27 | 27.0
Invocations    | 2 3 5 16 22 27 | 27.0
Evocations     | 1 4 18 27 | 27.0
Unarmed Combat | 16 24 27 | 27.0
Spellcasting   | 14 22 25 | 25.8
Staves         | 7 18 | 18.0

Action                   |  1- 3 |  4- 6 |  7- 9 | 10-12 | 13-15 | 16-18 | 19-21 | 22-24 || total
-------------------------+-------+-------+-------+-------+-------+-------+-------+-------++-------
Melee: Flail             |    28 |    10 |       |       |       |       |       |       ||    38
       Morningstar       |       |     6 |    73 |    12 |       |       |       |       ||    91
       Demon whip        |       |       |       |   289 |   510 |   535 |   218 |       ||  1552
       Eveningstar       |       |       |       |       |       |       |   110 |   468 ||   578
Throw: Javelin           |       |       |       |    22 |    43 |    82 |    76 |    66 ||   289
       Dart              |       |       |       |       |     2 |     2 |       |     3 ||     7
Invok: Heroism           |       |       |       |       |       |     3 |       |     4 ||     7
       Finesse           |       |       |       |       |       |       |       |     2 ||     2
 Abil: Evoke Blink       |       |       |       |       |       |     1 |     2 |       ||     3
  Use: Potion            |       |     1 |       |     2 |     2 |     3 |     7 |    10 ||    25
       Scroll            |       |       |       |     2 |       |    22 |       |     1 ||    25
 Stab: Invisible         |       |       |       |       |     3 |     2 |       |       ||     5
Armor: Scale mail        |     8 |       |       |    18 |    59 |       |       |       ||    85
       Chain mail        |       |       |    41 |    48 |       |       |       |       ||    89
       Gold dragon scale |       |       |       |       |    61 |   109 |   116 |   130 ||   416
Dodge: Dodged            |    10 |     4 |    11 |    33 |    94 |    65 |    64 |    47 ||   328
Block: Kite shield       |    12 |     7 |    41 |   107 |    86 |       |       |       ||   253
       Tower shield      |       |       |       |       |   193 |   269 |   203 |   299 ||   964

Table legend: (Time is in decaauts) A = Elapsed time spent in this place. B = Non-inter-level travel time spent in this place. C = Inter-level travel time spent in this place. D = Time resting spent in this place. E = Time spent auto-exploring this place. F = Levels seen in this place. G = Mean time per level. A B C D E F G +--------+--------+--------+--------+--------+-----+--------+ Total | 13422 | 12749 | 673 | 6060 | 747 | 1 | 13422.0 | Dungeon | 13422 | 12749 | 673 | 6060 | 747 | 1 | 13422.0 | +--------+--------+--------+--------+--------+-----+--------+

Top non-repeatable levels by time:
       D: 13422 daAuts
